Construct Infanterie Kompanie
Selects Mechanized Battlegroup
Infanterie Officer Quarters
Construct Luftwaffe Kompanie
Luftwaffe Officer Quarters
Marder III M Tank Destroyer
Selects StuG Assault Group
Selects Zeroing Artillery Barrage
Construct Panzer Kompanie
Zeroing Artillery Barrage
Selects Wespe Self-propelled Artillery
Construct Panzergrenadier Kompanie
Selects Panther Heavy Tank